 Dungeon Crawl Stone Soup version 0.21.1-68-g103a7afc0a (webtiles) character file.

175 SacredBeard the Cudgeler (level 5, -1/42 HPs)
             Began as a Human Berserker on Aug 3, 2018.
             Was a Believer of Trog.
             Slain by a black bear (4 damage)
             ... on level 4 of the Dungeon.
             The game lasted 00:10:53 (2820 turns).

SacredBeard the Cudgeler (Human Berserker)          Turns: 2820, Time: 00:10:53

Health: -1/42      AC:  5    Str: 17    XL:     5   Next: 86%
Magic:  5/5        EV: 12    Int:  8    God:    Trog [**....]
Gold:   141        SH:  0    Dex: 13    Spells: 4/4 levels left

rFire    . . .     SeeInvis .   k - +0 whip
rCold    . . .     Gourm    .   (no shield)
rNeg     . . .     Faith    .   h - +0 ring mail
rPois    .         Spirit   .   (no helmet)
rElec    .         Reflect  .   l - scarf {repulsion}
rCorr    .         Harm     .   (no gloves)
MR       .....                  (no boots)
Stlth    +.........             (no amulet)
HPRegen  0.14/turn              (no ring)
MPRegen  0.09/turn              (no ring)

@: repel missiles
A: no striking features
a: Berserk, Trog's Hand, Burn Spellbooks, Renounce Religion


You were on level 4 of the Dungeon.
You worshipped Trog.
Trog was pleased with you.
You were not hungry.

You visited 1 branch of the dungeon, and saw 4 of its levels.

You collected 141 gold pieces.

Inventory:

Hand Weapons
 k - a +0 whip (weapon)
Armour
 h - a +0 ring mail (worn)
 l - a scarf of repulsion (worn)
Jewellery
 o - an uncursed ring of wizardry {unknown}
Scrolls
 d - 2 scrolls of teleportation {unknown}
 f - a scroll of amnesia {unknown}
 g - 3 scrolls of identify {unknown}
 i - 3 scrolls of remove curse {unknown}
 j - a scroll of blinking {unknown}
Potions
 a - 2 potions of curing
 b - a potion of flight
 e - a potion of lignification
 m - 2 potions of might {unknown}
 n - a potion of ambrosia {unknown}
 p - a potion of brilliance {unknown}
Comestibles
 c - 6 rations


   Skills:
 * Level 3.9 Fighting
 + Level 4.4 Maces & Flails
 + Level 2.7 Armour
 * Level 3.1 Dodging


You had 4 spell levels left.
You didn't know any spells.

Dungeon Overview and Level Annotations

Branches:
Dungeon (4/15)
 Temple: D:4-7

Altars:
Ru


Message History

You hit the black bear but do no damage.
The black bear is severely wounded.
Your ring mail prevents you from hitting the black bear.
The black bear is severely wounded.
The black bear bites you.
* * * LOW HITPOINT WARNING * * *
The black bear closely misses you. The black bear completely misses you.
You completely miss the black bear.
The black bear is severely wounded.
You feel sick.
You are no longer poisoned.
The black bear bites you but does no damage.
The black bear claws you.
* * * LOW HITPOINT WARNING * * *
The black bear claws you.
* * * LOW HITPOINT WARNING * * *
You hit the black bear.
The black bear is severely wounded.
The black bear barely misses you. The black bear claws you.
You die...

####+# #....# #....#
#...<#
#....#########....###
#....+............ #.
#....##.........####.
+....++.........#.##.
#...h##.........#....
#...@...........#.#..
######.######[.†....<
#...........#....####
#.####.####.###.....
... #.#.## #.# #.#..#
... #.#..# ._. ......
... .#....#


You could see a black bear.

Vanquished Creatures
  A hound (D:3)
  The ghost of Raybro228 the Ruffian, a weakling DrTm (D:3)
  A gnoll (D:1)
  4 adders
  2 oozes
  A worm (D:3)
  3 dart slugs
  2 leopard geckos
  An orc (D:3)
  7 bats
  A giant cockroach (D:3)
  8 goblins
  9 hobgoblins
  4 jackals (D:1)
  4 frilled lizards
  10 kobolds
  6 rats
65 creatures vanquished.

Notes
Turn   | Place    | Note
-------+----------+-------------------------------------------
     0 | D:1      | SacredBeard the Human Berserker began the quest for the Orb.
     0 | D:1      | Reached XP level 1. HP: 18/18 MP: 1/1
    50 | D:1      | Reached XP level 2. HP: 14/24 MP: 2/2
   445 | D:1      | Reached XP level 3. HP: 29/29 MP: 3/3
   479 | D:1      | Reached ** piety under Trog
   700 | D:1      | Reached XP level 4. HP: 35/35 MP: 4/4
   849 | D:2      | HP: 1/36 [poisoned by an adder]
  1019 | D:2      | Reached skill level 4 in Maces & Flails
  1727 | D:2      | Reached XP level 5. HP: 42/42 MP: 5/5
  2139 | D:3      | Noticed Raybro228's ghost (weakling DrTm)
  2172 | D:3      | Killed Raybro228's ghost
  2801 | D:4      | Found a sacrificial altar of Ru.
  2803 | D:4      | Noticed a black bear
  2820 | D:4      | Slain by a black bear

Skill      XL: |  1  2  3  4  5 |
---------------+----------------+-----
Maces & Flails | 4 |  4.4
Dodging        | 3 |  3.1
Fighting       | |  3.9
Armour         | |  2.7

Action                   |  1- 3 |  4- 6 || total
-------------------------+-------+-------++-------
Melee: Mace              |    78 |    37 ||   115
       Whip              |       |   205 ||   205
Invok: Berserk           |     1 |     1 ||     2
  Use: Potion            |       |     3 ||     3
  Eat: Chunk             |       |     6 ||     6
       Ration            |       |     1 ||     1
Armor: Animal skin       |     5 |       ||     5
       Ring mail         |    10 |    88 ||    98
Dodge: Dodged            |    57 |   153 ||   210
       Deflected         |       |     3 ||     3
